 Dungeon Crawl Stone Soup version 0.25-a0-634-gd1561dc703 (webtiles) character file.

Game seed: 5823859988802738024, levelgen mode: deterministic

352 An17 the Covert (level 6, 0/33 HPs)
             Began as a Vampire Enchanter on Mar 20, 2020.
             Slain by Grinder (8 damage)
             ... on level 3 of the Dungeon.
             The game lasted 00:06:50 (1704 turns).

An17 the Covert (Vampire Enchanter)                 Turns: 1704, Time: 00:06:50

Health: 0/33       AC:  3    Str:  7    XL:     6   Next: 34%
Magic:  6/10       EV: 12    Int: 18    God:
Gold:   124        SH:  0    Dex: 16    Spells: 2/10 levels left

rFire    . . .     SeeInvis +   a - +1 dagger
rCold    + + .     Gourm    .   (no shield)
rNeg     + + +     Faith    .   f - +0 leather armour (curse)
rPois    ∞         Spirit   .   (no helmet)
rElec    .         Reflect  .   (no cloak)
rCorr    +         Harm     .   (no gloves)
MR       .....                  (no boots)
Stlth    ++++++....             (no amulet)
HPRegen  0.00/turn              h - ring of resist corrosion
MPRegen  0.12/turn              n - ring of wizardry

@: confusing touch, bloodless
A: no food, fangs 3, see invisible, unbreathing
a: Bat Form, Revivify


You were on level 3 of the Dungeon.
You were bloodless.

You visited 1 branch of the dungeon, and saw 3 of its levels.

You collected 124 gold pieces.

Inventory:

Hand Weapons
 a - a +1 dagger (weapon)
 l - a +2 scythe of freezing
Armour
 f - a cursed +0 leather armour (worn)
 k - a cursed +0 chain mail
Jewellery
 h - a ring of resist corrosion (left hand)
 n - a ring of wizardry (right hand)
Wands
 o - a wand of random effects (5)
Scrolls
 i - 4 scrolls of identify
 j - a scroll of remove curse
 m - a scroll of teleportation
Potions
 b - a potion of magic {unknown}
 c - 2 potions of flight
 d - 2 potions of haste {unknown}
 e - a potion of lignification {unknown}
 g - a potion of heal wounds {unknown}
 p - a potion of curing {unknown}


   Skills:
 + Level 0.3 Fighting
 + Level 2.9 Short Blades
 + Level 0.2 Armour
 + Level 2.6 Dodging
 + Level 8.2 Stealth
 + Level 2.7 Spellcasting
 + Level 5.3 Hexes
 + Level 1.6 Ice Magic


You had 2 spell levels left.
You knew the following spells:

 Your Spells              Type           Power        Failure   Level  Hunger
a - Confusing Touch       Hex            ###.....     3%          3    N/A
b - Ensorcelled Hibernat  Hex/Ice        ##....       3%          2    N/A
c - Tukima's Dance        Hex            ###.....     3%          3    N/A

Your spell library contained the following spells:

 Spells                   Type           Power        Failure   Level  Hunger
 Corona                   Hex            ###....      1%          1    N/A
 Dazzling Flash           Conj/Hex       ##....       10%         3    N/A

Dungeon Overview and Level Annotations

Branches:
Dungeon (3/15)

Altars:
Wu Jian

Annotations:
D:3 Grinder


Innate Abilities, Weirdness & Mutations

You do not eat.
You do not regenerate when monsters are visible.
You are frail without blood (-20% HP).
You can heal yourself when you bite living creatures.
You are immune to poison.
You have razor-sharp teeth.
You have supernaturally acute eyesight. (SInv)
You can survive without breathing.


Message History

You closely miss Grinder.
Grinder is almost dead.
Grinder gestures at you. You resist with some effort.
You barely miss Grinder.
Grinder is almost dead.
Grinder gestures at you.
You suddenly lose the ability to move!
Grinder hits you. Grinder hits you but does no damage. Grinder hits you. x2
* * * LOW HITPOINT WARNING * * *
You can move again.
Casting: Confusing Touch (safe; 3% risk of failure)
Confirm with . or Enter, or press ? or * to list all spells.
Your hands begin to glow red.
Grinder hits you but does no damage.
You barely miss Grinder.
Grinder is almost dead.
Grinder hits you!
You die...

#.# #.# ###.###### ..
#........#.# ...
#........#.# ...
#........#.# ..
#........#.# ..
#...@5...#.# ...
#........#.# ....
##........#.# ....
............#.#######.##
#.#.........'...........
# #.........#.........##
#.#########.........#
... #.........## ...
########....


You could see Grinder.

Vanquished Creatures
  Sigmund (D:2)
  An orc wizard (D:2)
  Natasha (thrice) (D:2)
  Robin (D:3)
  2 adders (D:2)
  A worm (D:2)
  A dart slug (D:3)
  A leopard gecko (D:2)
  3 orcs (D:2)
  5 bats
  3 giant cockroaches
  11 hobgoblins
  A quokka (D:2)
  3 frilled lizards
  13 goblins
  6 kobolds
  6 rats
62 creatures vanquished.

Notes
Turn   | Place    | Note
-------+----------+-------------------------------------------
     0 | D:1      | An17 the Vampire Enchanter began the quest for the Orb.
     0 | D:1      | Reached XP level 1. HP: 13/13 MP: 3/3
   124 | D:1      | Reached XP level 2. HP: 19/19 MP: 5/5
   136 | D:1      | Learned a level 2 spell: Ensorcelled Hibernation
   148 | D:1      | Reached skill level 5 in Stealth
   580 | D:2      | Reached XP level 3. HP: 19/19 MP: 6/6
   622 | D:2      | Learned a level 3 spell: Confusing Touch
   670 | D:2      | Noticed Natasha
   677 | D:2      | Killed Natasha
   677 | D:2      | Reached skill level 6 in Stealth
   677 | D:2      | Reached XP level 4. HP: 16/24 MP: 4/7
   703 | D:2      | Found an ornate altar of the Wu Jian Council.
   759 | D:2      | Reached skill level 5 in Hexes
   820 | D:2      | Noticed Sigmund
   827 | D:2      | Killed Sigmund
   827 | D:2      | Reached skill level 7 in Stealth
   827 | D:2      | Reached skill level 1 in Ice Magic
   827 | D:2      | Reached XP level 5. HP: 14/28 MP: 5/9
   852 | D:2      | Learned a level 3 spell: Tukima's Dance
   904 | D:2      | Noticed Natasha
   916 | D:2      | Killed Natasha
   916 | D:2      | Reached XP level 6. HP: 33/33 MP: 5/10
  1208 | D:2      | Found a faded altar of an unknown god.
  1345 | D:2      | Noticed Natasha
  1354 | D:2      | Killed Natasha
  1354 | D:2      | Reached skill level 8 in Stealth
  1442 | D:3      | Noticed Robin
  1451 | D:3      | Killed Robin
  1674 | D:3      | Noticed Grinder
  1698 | D:3      | Paralysed by Grinder for 4 turns
  1704 | D:3      | Slain by Grinder

Levels and vault maps discovered:
D:1:      eino_arrival_water_cross, layout_rooms
D:2:      layout_loops_ring, nicolae_overflow_hidden_temple,
          chequers_ecumenical_altar_twisty, uniq_sigmund, uniq_natasha
D:3:      layout_basic, overflow_temple_1_default, uniq_grinder, uniq_robin

Skill      XL: |  1  2  3  4  5  6 |
---------------+-------------------+-----
Stealth        | 5 6 7 8 |  8.2
Hexes          | 5 |  5.3
Short Blades   | 2 |  2.9
Ice Magic      | 1 |  1.6
Fighting       | |  0.3
Armour         | |  0.2
Dodging        | |  2.6
Spellcasting   | |  2.7

Action                   |  1- 3 |  4- 6 || total
-------------------------+-------+-------++-------
Melee: Dagger            |    67 |    91 ||   158
       Bite              |     4 |     7 ||    11
 Cast: Ensorcelled Hiber |     7 |    21 ||    28
       Confusing Touch   |       |     2 ||     2
 Abil: Exsanguinate      |     1 |       ||     1
  Use: Scroll            |     4 |       ||     4
 Stab: Sleeping          |    18 |    26 ||    44
       Confused          |       |     1 ||     1
Armor: Robe              |    14 |       ||    14
       Leather armour    |       |    18 ||    18
Dodge: Dodged            |    32 |    60 ||    92

Table legend:
 A = Non-vault XP
 B = Vault XP
 C = Vault XP percentage of total XP
 D = Non-vault monster count
 E = Vault monster count
 F = Vault count percentage of total count
                 A         B        C        D         E       F
            +---------+---------+-------+---------+---------+-------
      Total |     219 |     284 |  56.5 |      49 |      13 |  21.0
            +---------+---------+-------+---------+---------+-------
        D:1 |      30 |       0 |   0.0 |      20 |       0 |   0.0
        D:2 |     173 |     248 |  58.9 |      20 |       2 |   9.1
        D:3 |      16 |      36 |  69.2 |       9 |      11 |  55.0
            +---------+---------+-------+---------+---------+-------
